 Dungeon Crawl Stone Soup version 0.26-a0-29-gb080af96c6 (webtiles) character file.

Game seed: 4380638352524230231, levelgen mode: deterministic

2764 Lugonue the Cleaver (level 9, -11/81 HPs)
             Began as a Hill Orc Berserker on May 28, 2020.
             Was an Elder of Trog.
             Mangled by Harold
             ... wielding a +0 trident
              (16 damage)
             ... on level 7 of the Dungeon.
             The game lasted 00:09:22 (6596 turns).

Lugonue the Cleaver (Hill Orc Berserker)            Turns: 6596, Time: 00:09:22

Health: -11/81     AC:  7    Str: 23    XL:     9   Next: 69%
Magic:  9/9        EV: 11    Int:  7    God:    Trog [****..]
Gold:   472        SH:  5    Dex: 10    Spells: 8/8 levels left

rFire    . . .     SeeInvis .   a - +1 battleaxe
rCold    . . .     Gourm    .   (shield currently unavailable)
rNeg     + . .     Faith    .   w - +0 troll leather armour {Purgy}
rPois    .         Spirit   .   (no helmet)
rElec    .         Reflect  +   i - +0 cloak
rCorr    .         Harm     .   (no gloves)
MR       ++...                  v - +0 pair of boots
Stlth    +.........             h - amulet of reflection
HPRegen  1.63/turn              d - ring of positive energy
MPRegen  0.11/turn              (no ring)

@: mighty, berserk cooldown, regenerating, slowed, very slow
A: no striking features
a: Berserk, Trog's Hand, Brothers in Arms, Renounce Religion


You were on level 7 of the Dungeon.
You worshipped Trog.
Trog was greatly pleased with you.
You were very hungry.

You visited 1 branch of the dungeon, and saw 7 of its levels.

You collected 472 gold pieces.

Inventory:

Hand Weapons
 a - a +1 battleaxe (weapon)
 y - a +0 war axe
Missiles
 s - 37 poisoned darts (quivered)
Armour
 i - a +0 cloak (worn)
 v - a +0 pair of boots (worn)
 w - a +0 troll leather armour (worn) {Purgy}
Jewellery
 d - a ring of positive energy (left hand)
 h - an amulet of reflection (around neck)
Wands
 f - a wand of paralysis (3)
 j - a wand of digging (9)
 z - a wand of flame (18)
Scrolls
 b - a scroll of identify
 k - 2 scrolls of teleportation
 m - 3 scrolls of fog
 o - 6 scrolls of remove curse
 p - a scroll of amnesia
 t - a scroll of magic mapping
Potions
 e - 4 potions of curing
 n - a potion of ambrosia {unknown}
 q - 3 potions of flight
 r - 3 potions of mutation {unknown}
 A - 2 potions of lignification
 B - a potion of magic
Comestibles
 c - 9 rations
 x - 2 chunks of flesh


   Skills:
 + Level 8.2 Fighting
 + Level 13.8 Axes
 + Level 4.9 Armour
 - Level 1.5 Dodging


You had 8 spell levels left.
You didn't know any spells.
Your spell library was empty.

Dungeon Overview and Level Annotations

Branches:
Dungeon (7/15)             Temple (0/1) D:6

Altars:
Ashenzari
Dithmenos
Elyvilon
Hepliaklqana
Makhleb
Nemelex Xobeh
Qazlal
Sif Muna
Trog
Vehumet
Zin

Shops:
D:4 %

Annotations:
D:4 2 transporters
D:7 Harold


Message History

Harold hits you with a +0 trident!
* * * LOW HITPOINT WARNING * * *
The gnoll hits you from afar with a +0 spear.
* * * LOW HITPOINT WARNING * * *
Harold hits you with a +0 trident!
* * * LOW HITPOINT WARNING * * *
Okay, then.
Okay, then.
Okay, then.
Unknown command.
Evoke which item? (* to show all) (? for menu, Esc to quit)
Aiming: Paralyse
Press: ? - help, Shift-Dir - straight line, f - Harold
Aim: Harold, wielding a +0 trident, wearing a +0 chain mail and quivering a throwing net (lightly wounded, chance to defeat MR: 15%)
Okay, then.
Unknown command.
As you read the scroll labeled OXETE KAOMNELO, it crumbles to dust.
You speak a Word of immense power!
It was a scroll of holy word.
The gnoll barely misses you. Harold hits you with a +0 trident!
You die...

.......#
.......#.....#####.###.#
.......#.....#..........
.......#.....#..........
....... .....#..........
..... #...#.###.###.. .g.
#...#<..(......
.#####@###..)#..........
......)@.รท..............
.#####.###.#.#####.###.#
#.#............##.#
#.#......####..##+#
#.#.............
#.#.....#.#......
#.#.....#.#.......
#.#.....#..#...##+#
#.....# #


You could see Harold and a gnoll.

Vanquished Creatures
  A two-headed ogre (D:6)
  Pikel (D:6)
  Prince Ribbit (D:6)
  Purgy (D:3)
  2 ogres
  2 phantoms
  A slave (D:6)
  Blork the orc (D:4)
  A gnoll sergeant (D:7)
  2 scorpions (D:4)
  2 crimson imps
  2 hounds
  2 jellies
  An orc priest (D:6)
  A bullfrog skeleton (D:4)
  Jessica (D:3)
  2 iguanas
  3 orc wizards (D:4)
  4 worker ants
  2 worker ant zombies (D:5)
  11 gnolls
  8 adders
  A shadow imp (D:5)
  2 adder skeletons
  An adder zombie (D:5)
  3 worms
  2 dart slugs (D:1)
  2 leopard geckos
  21 orcs
  8 bats
  7 giant cockroaches
  11 goblins
  6 hobgoblins
  3 jackals
  A quokka (D:6)
  A ball python (D:1)
  6 frilled lizards
  6 kobolds
  A leopard gecko skeleton (D:4)
  6 rats
140 creatures vanquished.

Vanquished Creatures (others)
  A worker ant (D:6)
  A worker ant zombie (D:6)
  3 jackals
  A quokka (D:4)
  A leopard gecko skeleton (D:6)
  A leopard gecko zombie (D:6)
8 creatures vanquished.

Grand Total: 148 creatures vanquished

Notes
Turn   | Place    | Note
-------+----------+-------------------------------------------
     0 | D:1      | Lugonue the Hill Orc Berserker began the quest for the Orb.
     0 | D:1      | Reached XP level 1. HP: 19/19 MP: 1/1
   288 | D:1      | Reached XP level 2. HP: 26/27 MP: 2/2
   762 | D:1      | Reached XP level 3. HP: 33/33 MP: 3/3
  1118 | D:2      | Reached skill level 5 in Axes
  1325 | D:2      | Reached ** piety under Trog
  1478 | D:2      | Reached XP level 4. HP: 36/41 MP: 4/4
  1603 | D:2      | Found a radiant altar of Vehumet.
  1603 | D:2      | Found a shadowy altar of Dithmenos.
  1610 | D:2      | Found a burning altar of Makhleb.
  1612 | D:2      | Found a sparkling altar of Nemelex Xobeh.
  1614 | D:2      | Found a stormy altar of Qazlal.
  2329 | D:3      | Reached skill level 6 in Axes
  2330 | D:3      | Reached XP level 5. HP: 46/47 MP: 5/5
  2733 | D:3      | Reached skill level 5 in Fighting
  2945 | D:3      | Noticed Jessica
  2953 | D:3      | Killed Jessica
  3032 | D:3      | Found a faded altar of an unknown god.
  3034 | D:3      | Noticed Purgy
  3045 | D:3      | Killed Purgy
  3045 | D:3      | Reached skill level 7 in Axes
  3045 | D:3      | Reached XP level 6. HP: 56/56 MP: 6/6
  3779 | D:4      | Noticed Blork the orc
  3787 | D:4      | Killed Blork the orc
  3787 | D:4      | Reached skill level 8 in Axes
  3965 | D:4      | Reached *** piety under Trog
  3984 | D:4      | Reached XP level 7. HP: 47/62 MP: 7/7
  3990 | D:4      | Found a transporter.
  4105 | D:4      | Found Nidacy's Food Shoppe.
  4195 | D:4      | Reached skill level 9 in Axes
  4350 | D:4      | Found a white marble altar of Elyvilon.
  4497 | D:4      | Found a transporter.
  4521 | D:4      | Reached XP level 8. HP: 61/71 MP: 8/8
  4582 | D:4      | Reached skill level 10 in Axes
  4667 | D:4      | Found a bloodstained altar of Trog.
  4845 | D:5      | Entered Level 5 of the Dungeon
  4888 | D:5      | Found a shattered altar of Ashenzari.
  5629 | D:6      | Found a glowing silver altar of Zin.
  5727 | D:6      | Noticed Pikel
  5744 | D:6      | Killed Pikel
  5744 | D:6      | Reached skill level 12 in Axes
  5810 | D:6      | Found a hazy altar of Hepliaklqana.
  5959 | D:6      | Noticed a two-headed ogre
  5960 | D:6      | Reached XP level 9. HP: 22/79 MP: 9/9
  5972 | D:6      | Killed a two-headed ogre
  5972 | D:6      | Reached skill level 13 in Axes
  5991 | D:6      | Reached **** piety under Trog
  6079 | D:6      | Found a staircase to the Ecumenical Temple.
  6281 | D:6      | Noticed Prince Ribbit
  6291 | D:6      | Killed Prince Ribbit
  6541 | D:7      | Found a shimmering blue altar of Sif Muna.
  6578 | D:7      | Noticed Harold
  6592 | D:7      | HP: 4/81 [Harold/+0 trident (13)]
  6596 | D:7      | Mangled by Harold

Illustrated notes

Levels and vault maps discovered:
D:1:      co_arrival_square_in_a_square_in_a_square, layout_loops_ring,
          chequers_serial_rivers_large_a
D:2:      layout_loops_ring, chequers_temple_overflow_minitemple, serial_forest,
          infiniplex_forest_lined_room_2, infiniplex_forest_join,
          infiniplex_forest_straight_2, infiniplex_forest_straight_1,
          infiniplex_forest_zigzag_1, infiniplex_forest_straight_5,
          infiniplex_forest_end_double, infiniplex_forest_straight_1,
          infiniplex_forest_straight_1, infiniplex_forest_lined_room_
D:3:      layout_loops_cross, serial_co_window_serial, co_window_paths_a,
          co_window_of_opportunity_a, co_window_paths_a, co_window_paths_a,
          co_window_of_opportunity_a, co_window_paths_b,
          co_window_of_opportunity_c, co_window_broadway_c,
          co_window_broadway_c, co_window_2corner, co_window_corner_b,
          co_window_broadway_a, co_window_paths_c, glass_columns_a,
          chequers_ecumenical_altar_simple_redux, uniq_jessica, uniq_purgy
D:4:      gammafunk_wand_slinger, layout_loops_ring, elyvilon_altar_4,
          lemuel_round_altar, first_ration, serial_shops, nicolae_shop_trees,
          kennysheep_generic_room_13, uniq_blork_the_orc
D:5:      layout_basic, evilmike_ruin_ashenzari
D:6:      layout_basic, lemuel_round_altar, nicolae_overflow_crystal_walls,
          minmay_temple_entry_ruins, small_statue_intersection,
          uniq_prince_ribbit1, uniq_pikel
D:7:      layout_basic, kennysheep_mini, uniq_harold

Skill      XL: |  1  2  3  4  5  6  7  8  9 |
---------------+----------------------------+-----
Fighting       | 4 5 6 7 8 |  8.2
Axes           | 5 6 7 8 9 12 13 | 13.8
Armour         | 3 4 |  4.9
Dodging        | |  1.5

Action                   |  1- 3 |  4- 6 |  7- 9 || total
-------------------------+-------+-------+-------++-------
Melee: Hand axe          |    94 |   127 |       ||   221
       War axe           |       |    31 |       ||    31
       Battleaxe         |       |    26 |   194 ||   220
Throw: Dart              |       |    10 |    16 ||    26
Invok: Berserk           |     1 |     3 |     1 ||     5
       Trog's Hand       |       |       |     1 ||     1
Evoke: Wand              |       |       |     8 ||     8
  Use: Scroll            |       |       |    16 ||    16
       Potion            |       |       |     3 ||     3
 Stab: Sleeping          |     1 |       |       ||     1
       Paralysed         |       |       |     5 ||     5
  Eat: Chunk             |     3 |    11 |     5 ||    19
       Ration            |       |       |     1 ||     1
Armor: Animal skin       |    21 |    13 |       ||    34
       Troll leather arm |       |     7 |    45 ||    52
Dodge: Dodged            |    71 |   110 |   115 ||   296
Block: Other             |    19 |    38 |    35 ||    92

Table legend:
 A = Non-vault XP
 B = Vault XP
 C = Vault XP percentage of total XP
 D = Non-vault monster count
 E = Vault monster count
 F = Vault count percentage of total count
                 A         B        C        D         E       F
            +---------+---------+-------+---------+---------+-------
      Total |    2804 |    1145 |  29.0 |     133 |       6 |   4.3
            +---------+---------+-------+---------+---------+-------
        D:1 |      34 |       0 |   0.0 |      19 |       0 |   0.0
        D:2 |     111 |       0 |   0.0 |      21 |       0 |   0.0
        D:3 |     105 |     171 |  62.0 |      33 |       2 |   5.7
        D:4 |     722 |      93 |  11.4 |      29 |       2 |   6.5
        D:5 |     468 |       0 |   0.0 |      13 |       0 |   0.0
        D:6 |    1178 |     881 |  42.8 |      12 |       2 |  14.3
        D:7 |     186 |       0 |   0.0 |       6 |       0 |   0.0
            +---------+---------+-------+---------+---------+-------
